 Dungeon Crawl Stone Soup version 0.27.1-34-g3ba077fa99 (webtiles) character file.

Game seed: 11245072117120786681

18 pkoi the Insei (level 2, -1/26 HPs)
             Began as a Draconian Monk on Jan 17, 2022.
             Slain by a gnoll (2 damage)
             ... on level 2 of the Dungeon.
             The game lasted 00:00:24 (1086 turns).

pkoi the Insei (Draconian Monk)                     Turns: 1086, Time: 00:00:24

Health: -1/26      AC:  4    Str: 13    XL:     2   Next: 48%
Magic:  2/2        EV:  9    Int: 10    God:
Gold:   61         SH:  0    Dex: 13    Spells: 1/1 levels left

rFire    . . .     SeeInvis .     - Unarmed
rCold    . . .     Faith    .   (no shield)
rNeg     . . .     Spirit   .   (armour unavailable)
rPois    .         Reflect  .   (helmet restricted)
rElec    .         Harm     .   (no cloak)
rCorr    .         Rampage  .   (no gloves)
Will     .....                  (no boots)
Stlth    ++........             (no amulet)
HPRegen  0.08/turn              (no ring)
MPRegen  0.08/turn              (no ring)

@: constricted
A: AC +4, unfitting armour, cold-blooded
a: no special abilities


You were on level 2 of the Dungeon.
You visited 1 branch of the dungeon, and saw 2 of its levels.

You collected 61 gold pieces.

Inventory:

Scrolls
 a - 3 scrolls of identify {unknown}
Potions
 b - a potion of resistance {unknown}
 c - a potion of berserk rage {unknown}


   Skills:
 - Level 3.2 Fighting
 - Level 2.6 Dodging
 - Level 1.7 Stealth
 + Level 3.9 Unarmed Combat


You had one spell level left.
You didn't know any spells.
Your spell library was empty.

Dungeon Overview and Level Annotations

Branches:
Dungeon (2/15)

Altars:


Innate Abilities, Weirdness & Mutations

Your plain brown scales are hard. (AC +4)
You cannot fit into any form of body armour.
You are cold-blooded and may be slowed by cold attacks.


Message History

Moving in this stuff is going to be slow.
There is an open door here.
There is a stone staircase leading down here.
You climb downwards.
The goblin shouts!
You hear a shout! x2; The adder hisses angrily.
There is a stone staircase leading up here.
There are monsters nearby!
There are monsters nearby!
There are monsters nearby!
There are monsters nearby!
There are monsters nearby!
The adder bites you.
A gnoll comes into view. It is wielding a +0 flail.
The gnoll shouts!
You hit the adder.
The adder is heavily wounded.
The adder bites you but does no damage.
You hit the adder. You tail-slap the adder.
You kill the adder!
A gnoll comes into view. It is wielding a +1 vorpal halberd.
A ball python comes into view.
The goblin hits you but does no damage.
A gnoll comes into view. It is wielding a +0 whip.
The ball python hisses angrily.
You hit the gnoll but do no damage. The gnoll closely misses you.
The goblin hits you but does no damage. The ball python misses you.
The ball python barely misses you.
You hit the gnoll.
The gnoll is moderately wounded.
The gnoll hits you with a +0 flail!
* * * LOW HITPOINT WARNING * * *
The goblin misses you. The ball python barely misses you.
The ball python closely misses you.
The gnoll hits you from afar with a +1 vorpal halberd!
* * * LOW HITPOINT WARNING * * *
x2 The gnoll misses you.
The ball python bites you but does no damage.
The ball python grabs you. The ball python constricts you.
The gnoll hits you with a +0 flail.
You die...

##### #...#
#.#.# #.#.# # #
#.#.#.#
##.#.#g#w#.#####
......ggS.......
.#.#.#.#@#.##.#
#....<# #######


You could see a worm, 3 gnolls and a ball python.

Vanquished Creatures
  An adder (D:2)
  A ball python (D:1)
  2 endoplasms (D:1)
  2 goblins (D:1)
  A quokka (D:1)
  A kobold (D:1)
8 creatures vanquished.

Notes
Turn   | Place    | Note
-------+----------+-------------------------------------------
     0 | D:1      | pkoi the Draconian Monk began the quest for the Orb.
     0 | D:1      | Reached XP level 1. HP: 19/19 MP: 1/1
   738 | D:1      | Reached XP level 2. HP: 26/26 MP: 2/2
  1085 | D:2      | HP: 1/26 [gnoll (1)]
  1086 | D:2      | Slain by a gnoll

Illustrated notes

Levels and vault maps discovered:
D:1:      lightli_arrival_farm, layout_loops_ring, serial_forest,
          infiniplex_forest_lined_corner, infiniplex_forest_straight_5,
          infiniplex_forest_end_2, infiniplex_forest_clump_tiny,
          infiniplex_forest_clump_large, infiniplex_forest_clump_tiny,
          infiniplex_forest_lined_corner, infiniplex_forest_end_1,
          serial_bayou_ford_a
D:2:      cheibrodos_pilgrimage, layout_basic, basic_altar, uniq_jessica

Action                   || total
-------------------------++-------
Melee: Unarmed           ||    25
       Tailslap          ||     5
 Stab: Sleeping          ||     2
Armor: Skin              ||     8
Dodge: Dodged            ||    13
